 Dungeon Crawl Stone Soup version 0.30.0-3-ga4e48a9924 (webtiles) character file.

Game seed: 15456590739027888344

50 Irreverend the Grave Robber (level 3, -1/19 HPs)
             Began as a Deep Elf Necromancer on May 8, 2023.
             Slain by Sigmund
             ... wielding a +0 scythe
              (5 damage)
             ... on level 2 of the Dungeon.
             The game lasted 00:04:13 (1307 turns).

Irreverend the Grave Robber (Deep Elf Necromancer)  Turns: 1307, Time: 00:04:13

Health: -1/19      AC:  2    Str:  5    XL:     3   Next: 55%
Magic:  4/10       EV: 13    Int: 21    God:
Gold:   46         SH:  0    Dex: 15    Spells: 8/9 levels left

rFire   . . .        (no weapon)
rCold   . . .        (no shield)
rNeg    . . .        a - +0 robe
rPois   .            (no helmet)
rElec   .            (no cloak)
rCorr   .            (no gloves)
SInv    .            (no boots)
Will    .....        (no amulet)
Stlth   ++           (no ring)
HPRegen 0.23/turn    (no ring)
MPRegen 0.12/turn

%: no passive effects
@: no status effects
A: no striking features
a: no special abilities


You were on level 2 of the Dungeon.
You visited 1 branch of the dungeon, and saw 2 of its levels.

You collected 46 gold pieces.

Inventory:

Armour
 a - a +0 robe (worn)
Scrolls
 d - a scroll of identify {unknown}
 e - a scroll of brand weapon {unknown}
 f - 3 scrolls of torment {unknown}
Potions
 b - a potion of magic
 c - a potion of mutation {unknown}
 g - a potion of attraction {unknown}


   Skills:
 - Level 3.0 Dodging
 - Level 3.0 Stealth
 + Level 3.9 Spellcasting
 + Level 5.4 Necromancy


You had 8 spell levels left.
You knew the following spells:

 Your Spells              Type           Power      Damage    Failure   Level
a - Necrotise             Necr           100%       1d9       1%          1

Your spell library contained the following spells:

 Spells                   Type           Power      Damage    Failure   Level
 Vampiric Draining        Necr           26%        2d7       4%          3
 Animate Dead             Necr           26%        N/A       13%         4
 Agony                    Necr           26%        N/A       36%         5


Dungeon Overview and Level Annotations

Branches:
Dungeon (2/15)

Altars:

Annotations:
D:2 Sigmund, Terence


Message History

You bump into the rock wall.
You're too confused to move!
You feel less confused.
Sigmund mumbles some strange words.
Sigmund flickers and vanishes!
Deactivating autopickup; reactivate with Ctrl-A.
Terence attacks as you move away! Terence hits you with a +0 short sword.
* * * LOW HITPOINT WARNING * * *
Casting: Necrotise (safe; 1% risk of failure)
Confirm with . or Enter, or press ? or * to list all spells.
Aiming: Necrotise (safe; 1% risk of failure)
Press: ? - help, Shift-Dir - straight line, f - hobgoblin
Aim: a hobgoblin (chance to affect: 93%)
Something writhes in agony.
Casting: Necrotise (safe; 1% risk of failure)
Confirm with . or Enter, or press ? or * to list all spells.
Aiming: Necrotise (safe; 1% risk of failure)
Press: ? - help, Shift-Dir - straight line, f/p - hobgoblin
Aim: a hobgoblin (chance to affect: 93%)
Something writhes in agony.
Something hits you.
* * * LOW HITPOINT WARNING * * *
Casting: Necrotise (safe; 1% risk of failure)
Confirm with . or Enter, or press ? or * to list all spells.
Aiming: Necrotise (safe; 1% risk of failure)
Press: ? - help, Shift-Dir - straight line, f/p - hobgoblin
Aim: a hobgoblin (chance to affect: 93%)
Something writhes in agony.
Casting: Necrotise (safe; 1% risk of failure)
Confirm with . or Enter, or press ? or * to list all spells.
Aiming: Necrotise (safe; 1% risk of failure)
Press: ? - help, Shift-Dir - straight line, f/p - hobgoblin
Aim: a hobgoblin (chance to affect: 93%)
Something writhes in agony.
Something hits you but does no damage.
Casting: Necrotise (safe; 1% risk of failure)
Confirm with . or Enter, or press ? or * to list all spells.
Aiming: Necrotise (safe; 1% risk of failure)
Press: ? - help, Shift-Dir - straight line, f - Terence
Aim: Terence, wielding a +0 short sword and wearing a +0 chain mail (heavily wounded, chance to affect: 88%)
Something writhes in agony.
Something hits you.
You die...

#.. #.##.# #.# #... #.##.# #.#
#..##### #.##.### ###.# .......#
#...... ..#.# .####
####....###.##.## #.#.##....
#...........g..@# #.#.##..###
#......)..###.#{# #.#.##..#.)
#...........#.#.# #.#.....#.#
#........##.#.#@# #.#.....#.#
#...........#.#.######.......#.#
#######.##...................#.#
#.###..##.#####...#....#.# ..#
#......## #......#.#.# ...#
#.###...###..#.....#Z# ..
##..>............. .##
##########..#.#.# .. #........#


You could see Terence.

Vanquished Creatures
  3 ball pythons
  5 bats (D:1)
  4 endoplasms
  4 goblins (D:1)
  10 jackals (D:1)
  8 kobolds
  A quokka (D:1)
  3 rats
38 creatures vanquished.

Vanquished Creatures (collateral kills)
  An endoplasm (D:1)
  A ball python (D:1)
  A rat (D:1)
3 creatures vanquished.

Grand Total: 41 creatures vanquished

Notes
Turn   | Place    | Note
-------+----------+-------------------------------------------
     0 | D:1      | Irreverend the Deep Elf Necromancer began the quest for the
                  | Orb.
     0 | D:1      | Reached XP level 1. HP: 10/10 MP: 6/6
   101 | D:1      | Reached skill level 5 in Necromancy
   101 | D:1      | Reached XP level 2. HP: 15/15 MP: 4/8
   724 | D:1      | Reached XP level 3. HP: 19/19 MP: 7/10
   993 | D:1      | Found a faded altar of an unknown god.
  1279 | D:2      | Noticed Terence
  1281 | D:2      | Noticed Sigmund
  1307 | D:2      | Slain by Sigmund

Illustrated notes

Levels and vault maps discovered:
D:1:      lightli_molten_gateway, layout_rooms,
          shapermc_ecumenical_altar_ellora, minmay_misc_feat_room,
          minmay_pentomino_u4
D:2:      layout_basic, uniq_terence, uniq_sigmund

Skill      XL: |  1  2 |
---------------+-------+-----
Necromancy     | 5 |  5.4
Stealth        | 3 |  3.0
Dodging        | 3 |  3.0
Spellcasting   | |  3.9

Action                     || total
---------------------------++-------
   Cast: Necrotise         ||    62
 Armour: Robe              ||     5
  Dodge: Dodged            ||     6
